[Event "Titled Tuesday Blitz June 28 Late 2022"]
[White "Thiel, Thomas"]
[Black "Yurasova, Daria"]
[WhiteFideId "4615964"]
[BlackFideId "34146919"]
[WhiteElo "2222"]
[BlackElo "2021"]
[Result "0-1"]
[Round "03"]
[TimeControl "180+1"]
[Date "2022.06.29"]
[WhiteClock "0:01:49"]
[BlackClock "0:01:52"]

1. e4 e5 2. Nf3 Nc6 3. d4 exd4 4. Nxd4 Nf6 5. Nxc6 bxc6 6. e5 Nd5 7. c4 Nb6 8. Nc3 g6 9. f4 Bg7 10. Be2 O-O 11. O-O d6 12. Bf3 dxe5 13. Bxc6 Rb8 14. Qe2 Be6 15. b3 Qd4+ 16. Qe3 exf4 0-1


[Site "https://www.chess.com"]

[Event "Titled Tuesday Blitz June 28 Late 2022"]
[White "Tica, Sven"]
[Black "Estrada Nieto, Julian"]
[WhiteFideId "14526948"]
[BlackFideId "5101018"]
[WhiteElo "2346"]
[BlackElo "2252"]
[Result "0-1"]
[Round "03"]
[TimeControl "180+1"]
[Date "2022.06.29"]
[WhiteClock "0:01:14"]
[BlackClock "0:00:03"]

1. d4 d5 2. Nc3 Nf6 3. Bf4 Bf5 4. Nb5 Na6 5. e3 e6 6. a3 c6 7. Nc3 Bd6 8. Bxd6 Qxd6 9. Bd3 O-O 10. Nge2 c5 11. Bxf5 exf5 12. dxc5 Nxc5 13. Nf4 Rfd8 14. O-O Ne6 15. Nfe2 a6 16. Nd4 f4 17. exf4 Qxf4 18. Nce2 Qh4 19. Nf3 Qc4 20. c3 Rac8 21. Re1 Re8 22. Ned4 Nc5 23. Ne5 Qa4 24. b3 Qa5 25. b4 Qc7 26. bxc5 Rxe5 27. Rxe5 Qxe5 28. Rb1 Qe7 29. Nf5 Qxc5 30. Rxb7 Kf8 31. h3 Qxc3 32. Nd6 Qc1 33. Rxf7+ Kg8 34. Qxc1 Rxc1+ 35. Kh2 Rc6 36. Nb7 Kxf7 37. Nd8+ Ke7 38. Nxc6+ Kd6 39. Nb4 a5 40. Nd3 Ne4 41. f3 Nc5 42. Nb2 d4 43. Nc4+ Kd5 44. Nd2 a4 45. Kg3 Nb3 46. Ne4 d3 47. Kf2 Kd4 48. g4 Na5 49. Nd2 Nc4 50. Nb1 g5 51. f4 gxf4 52. Kf3 d2 53. Ke2 f3+ 54. Kd1 f2 0-1


[Site "https://www.chess.com"]

[Event "Titled Tuesday Blitz June 28 Late 2022"]
[White "Tologon tegin, Semetei"]
[Black "Boder, Jan"]
[WhiteFideId "13800574"]
[BlackFideId "16243226"]
[WhiteElo "2174"]
[BlackElo "2064"]
[Result "1-0"]
[Round "03"]
[TimeControl "180+1"]
[Date "2022.06.29"]
[WhiteClock "0:00:14"]
[BlackClock "0:00:02"]

1. Nf3 c5 2. g3 g6 3. Bg2 Bg7 4. O-O Nc6 5. c4 e5 6. Nc3 d6 7. a3 Be6 8. d3 Nge7 9. Rb1 a5 10. Ne1 O-O 11. Nc2 d5 12. cxd5 Nxd5 13. Bd2 Rb8 14. Ne3 Nde7 15. Ne4 b6 16. b4 cxb4 17. axb4 axb4 18. Bxb4 Nxb4 19. Rxb4 Nd5 20. Nxd5 Bxd5 21. Qb1 f5 22. Nd2 Bxg2 23. Kxg2 Qd5+ 24. Kg1 e4 25. Rb5 Qd4 26. Qb3+ Kh8 27. Rd5 Qc3 28. dxe4 fxe4 29. Qxc3 Bxc3 30. Nxe4 Ba5 31. Rb5 Rfe8 32. f3 Rbd8 33. Kf2 Re6 34. Rc1 Rd7 35. h4 Kg7 36. h5 Bd2 37. Rd1 Be3+ 38. Ke1 Rxd1+ 39. Kxd1 Rc6 40. Rb1 gxh5 41. Ke1 Kg6 42. Kf1 Rc2 43. Rb3 Bd4 44. e3 Bc5 45. Nf2 Rc1+ 46. Kg2 Rc2 47. f4 Re2 48. Kf3 Rc2 49. Nd3 Rd2 50. Nxc5 bxc5 51. Rb6+ Kf5 52. e4# 1-0


[Site "https://www.chess.com"]

[Event "Titled Tuesday Blitz June 28 Late 2022"]
[White "Tymrakiewicz, Rafal"]
[Black "Dardha, Daniel"]
[WhiteFideId "1108832"]
[BlackFideId "240990"]
[WhiteElo "2501"]
[BlackElo "2796"]
[Result "0-1"]
[Round "03"]
[TimeControl "180+1"]
[Date "2022.06.29"]
[WhiteClock "0:00:06"]
[BlackClock "0:00:26"]

1. d4 Nf6 2. Bg5 c6 3. Nd2 Qb6 4. Ngf3 Qxb2 5. e3 d5 6. Bd3 e6 7. Ne5 Be7 8. O-O h6 9. Bh4 Qb6 10. f4 Qd8 11. Rb1 Nbd7 12. c4 O-O 13. c5 Nxe5 14. fxe5 Nd7 15. Bxe7 Qxe7 16. Qh5 b6 17. Rf4 bxc5 18. Rbf1 cxd4 19. exd4 Qg5 20. Qf3 c5 21. h4 Qe7 22. Qh5 Bb7 23. Rf6 Nxf6 24. exf6 Qc7 0-1


[Site "https://www.chess.com"]

[Event "Titled Tuesday Blitz June 28 Late 2022"]
[White "Uddin, Mubassar"]
[Black "Ambartsumova, Karina"]
[WhiteFideId "2093944"]
[BlackFideId "4166299"]
[WhiteElo "2051"]
[BlackElo "2262"]
[Result "0-1"]
[Round "03"]
[TimeControl "180+1"]
[Date "2022.06.29"]
[WhiteClock "0:00:10"]
[BlackClock "0:00:41"]

1. e4 c5 2. c3 d5 3. exd5 Qxd5 4. d4 Nc6 5. Nf3 Bf5 6. Be3 e6 7. c4 Qd8 8. d5 Nb4 9. Na3 Nf6 10. Qa4+ Qd7 11. Qxd7+ Nxd7 12. dxe6 Bxe6 13. Be2 Be7 14. O-O a6 15. Rfc1 O-O 16. Nc2 Nc6 17. Rd1 Rfd8 18. Rd2 Bf6 19. Rad1 b6 20. b3 a5 21. Rd6 Rac8 22. Bf4 Be7 23. R6d2 Nf6 24. Ne3 Rxd2 25. Rxd2 Ne4 26. Rd1 Nc3 27. Rd2 Rd8 28. Rc2 Bf6 29. Kf1 Nb4 30. Rxc3 Bxc3 31. a3 Nc6 32. Bc7 Rd7 33. Bxb6 Rb7 34. Bxc5 Rxb3 35. Bd3 Bb2 36. Bc2 Rc3 37. Ke2 Bxa3 38. Kd2 Rxc2+ 39. Kxc2 Bxc5 40. Nd1 Bxc4 0-1


[Site "https://www.chess.com"]

[Event "Titled Tuesday Blitz June 28 Late 2022"]
[White "Urbina Perez, Juan Antonio"]
[Black "Fajdetic, Hrvoje"]
[WhiteFideId "2217368"]
[BlackFideId "14501945"]
[WhiteElo "2192"]
[BlackElo "2172"]
[Result "1-0"]
[Round "03"]
[TimeControl "180+1"]
[Date "2022.06.29"]
[WhiteClock "0:01:38"]
[BlackClock "0:00:01"]

1. e4 c5 2. Nf3 g6 3. d4 cxd4 4. Qxd4 Nf6 5. e5 Nc6 6. Qf4 Nd5 7. Qe4 Nc7 8. Nc3 Bg7 9. Bc4 O-O 10. O-O b5 11. Nxb5 Nxb5 12. Bxb5 Qa5 13. Bxc6 dxc6 14. Bd2 Qd5 15. Qxd5 cxd5 16. Bc3 Ba6 17. Rfe1 Rfc8 18. Rac1 Bc4 19. a3 Bh6 20. Bd2 Bg7 21. Be3 a6 22. Bd4 Bb5 23. b4 Rc4 24. c3 e6 25. h3 h5 26. Ra1 Ba4 27. Nd2 Rc6 28. Rab1 Rac8 29. Nb3 Bh6 30. Re2 Bb5 31. Reb2 Bd3 32. Rd1 Bb5 33. Nc5 a5 34. a4 Bc4 35. b5 Rxc5 36. b6 R5c6 37. b7 Rb8 38. Ba7 Rxb7 39. Rxb7 Be2 40. Re1 Bd3 41. Bd4 Bf8 42. Rb8 Kg7 43. Rd1 Bc2 44. Rd2 Bxa4 45. Rdb2 1-0


[Site "https://www.chess.com"]

[Event "Titled Tuesday Blitz June 28 Late 2022"]
[White "Voege, Tobias"]
[Black "Paravyan, David"]
[WhiteFideId "1270513"]
[BlackFideId "4194985"]
[WhiteElo "2379"]
[BlackElo "2569"]
[Result "1/2-1/2"]
[Round "03"]
[TimeControl "180+1"]
[Date "2022.06.28"]
[WhiteClock "0:00:05"]
[BlackClock "0:00:03"]

1. d4 Nf6 2. c4 g6 3. Nc3 d5 4. cxd5 Nxd5 5. e4 Nxc3 6. bxc3 Bg7 7. Bc4 c5 8. Ne2 Nc6 9. Be3 O-O 10. O-O Bg4 11. f3 Na5 12. Bd3 cxd4 13. cxd4 Be6 14. d5 Bxa1 15. Qxa1 f6 16. Qb1 Bd7 17. e5 fxe5 18. Bxg6 Nc4 19. Bh6 Rf6 20. Bxh7+ Kh8 21. Bg5 Qb6+ 22. Kh1 Ne3 23. Bxf6+ exf6 24. Re1 f5 25. Qxb6 axb6 26. Nc3 Nc4 27. Bg6 Kg7 28. Bh5 b5 29. Rb1 Nd2 30. Rb2 Rc8 31. Rxd2 Rxc3 32. Kg1 Kf6 33. h4 Rc8 34. g4 e4 35. gxf5 e3 36. Re2 Rc3 37. Bg4 Bxf5 38. Kg2 Bc2 39. d6 b4 40. d7 Ke7 41. Re1 Ba4 42. f4 Bxd7 43. Bxd7 Kxd7 44. Kf3 Ra3 45. Rxe3 Rxa2 46. h5 Rh2 47. Kg4 Kd6 48. f5 Rg2+ 49. Kf4 Rf2+ 50. Kg5 Rg2+ 51. Kf6 Rh2 52. Kg6 Rg2+ 53. Kf7 Rh2 54. Kg6 Rg2+ 55. Kf6 Rh2 56. Rd3+ Kc5 57. Kg6 Kc4 58. Rd7 b5 59. Rc7+ Kd3 60. Rd7+ Kc3 61. Rc7+ Kd3 62. Rd7+ Ke4 63. Rb7 Rg2+ 64. Kf6 Kd4 65. Rxb5 Kc3 66. Rc5+ Kd4 67. Rb5 Kc4 68. Rb7 Rh2 69. Kg6 Rg2+ 70. Kf6 Rh2 71. Rc7+ Kd3 72. Rd7+ Kc3 73. Rc7+ Kd3 74. Ke6 Rxh5 75. f6 Rh6 76. Rb7 Kc3 77. Ke7 b3 78. f7 Rh7 79. Ke6 b2 80. Rxb2 Rxf7 81. Kxf7 Kxb2 1/2-1/2


[Site "https://www.chess.com"]

[Event "Titled Tuesday Blitz June 28 Late 2022"]
[White "Volkov, Maksim"]
[Black "Goncalves, Davi Sulzbacher"]
[WhiteFideId "54123070"]
[BlackFideId "2154510"]
[WhiteElo "2155"]
[BlackElo "2107"]
[Result "0-1"]
[Round "03"]
[TimeControl "180+1"]
[Date "2022.06.29"]
[WhiteClock "0:01:15"]
[BlackClock "0:01:28"]

1. d4 Nf6 2. c4 e6 3. g3 c5 4. d5 exd5 5. cxd5 d6 6. Nc3 g6 7. Nf3 Bg7 8. Bg2 O-O 9. O-O Re8 10. Bf4 Ne4 11. Nxe4 Rxe4 12. Nd2 Rxf4 13. gxf4 Bxb2 14. Rb1 Bg7 15. e4 Nd7 16. Re1 Bh6 17. e5 Bxf4 18. e6 Ne5 19. Re4 Qf6 20. Ra4 Bxd2 21. Qxd2 fxe6 22. dxe6 Bxe6 23. Rxb7 Nf3+ 24. Bxf3 Qxf3 25. Rb1 Bd5 26. Kf1 Re8 27. Rg4 Qh1+ 28. Rg1 Bg2# 0-1


[Site "https://www.chess.com"]

[Event "Titled Tuesday Blitz June 28 Late 2022"]
[White "Vovk, Orest"]
[Black "Bolourchifard, Farzad"]
[WhiteFideId "14113490"]
[BlackFideId "12510084"]
[WhiteElo "2203"]
[BlackElo "2317"]
[Result "0-1"]
[Round "03"]
[TimeControl "180+1"]
[Date "2022.06.29"]
[WhiteClock "0:00:03"]
[BlackClock "0:00:16"]

1. h4 d5 2. h5 Nf6 3. h6 g6 4. d3 b6 5. Nc3 Bb7 6. Nf3 c5 7. Bf4 e6 8. Nb5 Na6 9. Be5 Be7 10. Qd2 Bc6 11. a4 O-O 12. Qf4 Nb4 13. Kd1 d4 14. e4 dxe3 15. Qxe3 Ng4 16. Qe2 Bxf3 17. gxf3 Nxe5 18. Qxe5 Bf6 19. Qf4 Bxb2 20. Rb1 Bh8 21. Be2 a6 22. Na3 Nd5 23. Qc1 Nc3+ 24. Ke1 Nxb1 25. Qxb1 Rb8 26. Nc4 b5 27. axb5 axb5 28. Ne3 Qd4 29. Nd1 c4 30. c3 Qd6 31. d4 b4 32. cxb4 Qxb4+ 33. Qxb4 Rxb4 34. Kf1 Bxd4 35. Rh4 e5 36. f4 f6 37. fxe5 fxe5 38. Kg2 c3 39. Bd3 Rb6 40. Ne3 Rb2 41. Bc4+ Kh8 42. Ng4 c2 43. Rh1 Rb1 0-1


[Site "https://www.chess.com"]

[Event "Titled Tuesday Blitz June 28 Late 2022"]
[White "Vusatiuk, Vladimir"]
[Black "Zhigalko, Sergei"]
[WhiteFideId "14118610"]
[BlackFideId "13502956"]
[WhiteElo "2157"]
[BlackElo "2662"]
[Result "0-1"]
[Round "03"]
[TimeControl "180+1"]
[Date "2022.06.28"]
[WhiteClock "0:00:04"]
[BlackClock "0:00:59"]

1. d4 Nf6 2. c4 e6 3. Nc3 Bb4 4. Qc2 O-O 5. a3 Bxc3+ 6. Qxc3 d6 7. Bg5 Nbd7 8. e3 b6 9. Nf3 Bb7 10. Be2 Qe8 11. Qd3 Ne4 12. Bh4 f5 13. O-O-O b5 14. cxb5 a6 15. Nd2 axb5 16. f3 Nef6 17. e4 fxe4 18. fxe4 b4 19. axb4 Nb6 20. b5 Qg6 21. Bf3 Nfd5 22. Nc4 Ra1+ 23. Kd2 Qh6+ 24. Ne3 Rxd1+ 25. Kxd1 Nxe3+ 26. Ke2 Nxg2 27. Bg3 Nf4+ 28. Bxf4 Qxf4 29. Rg1 Qxh2+ 30. Rg2 Qf4 31. d5 exd5 32. Qc3 d4 33. Qxd4 Qxf3+ 34. Ke1 Qxg2 35. Qxg7+ Kxg7 0-1


[Site "https://www.chess.com"]

[Event "Titled Tuesday Blitz June 28 Late 2022"]
[White "Wang, Isaac"]
[Black "Yedidia, Daniel"]
[WhiteFideId "30977185"]
[BlackFideId "30905907"]
[WhiteElo "2308"]
[BlackElo "2577"]
[Result "1-0"]
[Round "03"]
[TimeControl "180+1"]
[Date "2022.06.29"]
[WhiteClock "0:00:12"]
[BlackClock "0:00:06"]

1. d4 Nf6 2. c4 e6 3. Nc3 Bb4 4. f3 c5 5. d5 b5 6. e4 exd5 7. cxd5 d6 8. Bxb5+ Bd7 9. Bxd7+ Nbxd7 10. Ne2 c4 11. O-O O-O 12. Be3 Nc5 13. Nd4 Nd3 14. Nc6 Qd7 15. Qc2 Rfc8 16. Bd4 Bc5 17. Bxc5 Nxc5 18. Ne2 Qc7 19. Qxc4 Re8 20. b4 Na4 21. Qd4 Nb6 22. Ng3 Nfd7 23. Rac1 Qb7 24. Nf5 f6 25. Nxd6 Qa6 26. Nxe8 Rxe8 27. Rc2 Qa4 28. Rfc1 h5 29. f4 Qb5 30. Rd2 h4 31. e5 h3 32. e6 Nf8 33. Qc5 Qa4 34. Ne7+ Kh8 35. d6 hxg2 36. Qh5+ Nh7 37. Qxe8+ Nf8 38. Ng6+ Kh7 39. Nxf8+ Kh6 40. Qg6# 1-0


[Site "https://www.chess.com"]

[Event "Titled Tuesday Blitz June 28 Late 2022"]
[White "Ward, Ieuan C"]
[Black "Vlassov, Nikolai"]
[WhiteFideId "406627"]
[BlackFideId "4103360"]
[WhiteElo "2344"]
[BlackElo "2407"]
[Result "1/2-1/2"]
[Round "03"]
[TimeControl "180+1"]
[Date "2022.06.29"]
[WhiteClock "0:00:07"]
[BlackClock "0:00:09"]

1. d4 Nf6 2. c4 Nc6 3. Nf3 e6 4. Nc3 Bb4 5. Bg5 h6 6. Bxf6 Bxc3+ 7. bxc3 Qxf6 8. e3 d6 9. Bd3 e5 10. O-O Bg4 11. h3 Bxf3 12. Qxf3 Qxf3 13. gxf3 O-O-O 14. Rab1 Na5 15. Rb5 b6 16. Bf5+ Kb8 17. c5 dxc5 18. dxc5 Rd5 19. Rfb1 Rhd8 20. cxb6 axb6 21. Kg2 Rxb5 22. Rxb5 f6 23. Rb4 Rd2 24. a4 Nc6 25. Rc4 Ne7 26. Be4 f5 27. Bc6 Rd6 28. Be8 Kb7 29. f4 e4 30. Rd4 Rxd4 31. cxd4 c6 32. f3 exf3+ 33. Kxf3 Nd5 34. Bg6 Ne7 35. Be8 Kc7 36. e4 fxe4+ 37. Kxe4 Kd6 38. f5 Nd5 39. Kd3 Nf4+ 40. Ke4 Nxh3 41. f6 Ng5+ 42. Kf5 gxf6 43. Kxf6 Nf3 44. Kg6 Nxd4 45. Kxh6 Ne6 46. Kg6 Nc5 47. a5 bxa5 48. Kf5 Kd5 49. Kf4 a4 50. Ke3 Kc4 51. Kd2 Ne4+ 52. Kc2 Kb5 53. Kd3 Nf6 54. Bf7 Kb4 55. Kc2 c5 56. Kb2 c4 57. Kc2 a3 58. Kb1 Ne4 59. Be6 Nd2+ 60. Ka1 Kc3 61. Ka2 Kb4 62. Bf7 Ne4 63. Bxc4 Nc3+ 64. Ka1 Na4 65. Ba2 Nc3 66. Bg8 Ne2 67. Bf7 Nd4 68. Bg8 Nc6 69. Bf7 Kc3 70. Bg8 Nb4 71. Bf7 Kc2 72. Bg6+ Kc1 73. Bf7 Kd2 74. Bg6 Kc3 75. Bh7 Kc4 76. Bg8+ Kb5 77. Bf7 Kc6 78. Bg8 Kd7 79. Bf7 Ke7 80. Bb3 Kd6 81. Bg8 Ke7 82. Bc4 Kf6 83. Bg8 Kg7 84. Bc4 Kh7 85. Be6 Kg6 86. Bb3 Kf5 87. Bg8 Ke4 88. Bh7+ Kd4 89. Bg8 Kc3 90. Bf7 Nc2+ 91. Ka2 Kb4 92. Bg6 Nd4 93. Bf7 Nb5 94. Bg8 Nc3+ 95. Ka1 Ne4 96. Bf7 Nf6 97. Be6 Ne4 98. Bg8 Nd6 99. Be6 Nb5 100. Bg8 Nd4 101. Bf7 Nc2+ 102. Ka2 Ne3 103. Bg8 Nd1 104. Bf7 Nc3+ 105. Ka1 Ne4 106. Bg8 Ng5 107. Bd5 Kc5 108. Bg8 Kb4 109. Bd5 Nh7 110. Bg8 Nf6 111. Bf7 Nd7 112. Bg8 Ne5 113. Be6 1/2-1/2


[Site "https://www.chess.com"]

[Event "Titled Tuesday Blitz June 28 Late 2022"]
[White "Wartiovaara, Oliver"]
[Black "Premnath, R."]
[WhiteFideId "513024"]
[BlackFideId "5021928"]
[WhiteElo "1971"]
[BlackElo "2651"]
[Result "1-0"]
[Round "03"]
[TimeControl "180+1"]
[Date "2022.06.29"]
[WhiteClock "0:00:06"]
[BlackClock "0:00:02"]

1. d4 Nf6 2. c4 e6 3. g3 d5 4. Nf3 c5 5. Bg2 cxd4 6. Nxd4 Nc6 7. cxd5 Nxd5 8. Nxc6 bxc6 9. O-O Be7 10. Qc2 O-O 11. Qxc6 Bd7 12. Qc2 Rc8 13. Nc3 Bf6 14. Bd2 Bc6 15. Rfd1 Qb6 16. Nxd5 Bxd5 17. Bc3 Bxg2 18. Kxg2 Rc6 19. Qb3 Bxc3 20. bxc3 Qc7 21. Rac1 Rc8 22. c4 g6 23. Rd4 h5 24. h4 Rc5 25. Qf3 Rf5 26. Qe4 a5 27. Qd3 Qc5 28. e3 Kg7 29. Rd7 Qc6+ 30. Kg1 Rc5 31. Qd4+ e5 32. Qd6 Qe4 33. Qe7 Qf5 34. Rf1 Rxc4 35. Rd5 R4c5 36. Rxc5 Rxc5 37. Qxc5 a4 38. Qb4 Qc2 39. a3 e4 40. Rb1 Kh7 41. Qb2 Qc6 42. Qd4 Qe6 43. Rb8 f6 44. Qa7+ Qf7 45. Qxf7+ Kh6 46. Rh8# 1-0


[Site "https://www.chess.com"]

[Event "Titled Tuesday Blitz June 28 Late 2022"]
[White "Winkels, Marcel"]
[Black "Elgersma, Onno"]
[WhiteFideId "1003887"]
[BlackFideId "1053531"]
[WhiteElo "1900"]
[BlackElo "2304"]
[Result "0-1"]
[Round "03"]
[TimeControl "180+1"]
[Date "2022.06.29"]
[WhiteClock "0:00:02"]
[BlackClock "0:00:53"]

1. e4 c6 2. d4 d5 3. f3 e6 4. Nc3 Qb6 5. Nh3 Nf6 6. Nf2 Bb4 7. Be2 O-O 8. e5 Nfd7 9. O-O Be7 10. f4 c5 11. Be3 Nc6 12. dxc5 Nxc5 13. Rb1 Qc7 14. b4 Nd7 15. b5 Na5 16. Qd3 Nc4 17. Bd4 Nc5 18. Qg3 Nd2 19. f5 exf5 20. Nxd5 Qd8 21. c4 Nxf1 22. Rxf1 Ne6 23. Bb2 Kh8 24. Nh3 f4 25. Nhxf4 Nxf4 26. Rxf4 Be6 27. Bf3 a6 28. Be4 Bxd5 29. Bxd5 Qb6+ 30. Kh1 axb5 0-1


[Site "https://www.chess.com"]

[Event "Titled Tuesday Blitz June 28 Late 2022"]
[White "Xu, Yi"]
[Black "Hu, Merric"]
[WhiteFideId "8605564"]
[BlackFideId "30906660"]
[WhiteElo "2471"]
[BlackElo "1912"]
[Result "1-0"]
[Round "03"]
[TimeControl "180+1"]
[Date "2022.06.28"]
[WhiteClock "0:01:58"]
[BlackClock "0:01:41"]

1. e4 c5 2. Nf3 Nc6 3. Bb5 g6 4. O-O Bg7 5. c3 Nf6 6. Re1 O-O 7. h3 d6 8. d4 cxd4 9. cxd4 Nd7 10. Nc3 e5 11. Be3 exd4 12. Nxd4 Nxd4 13. Bxd4 a6 14. Bxd7 Qxd7 15. Bxg7 Kxg7 16. Qd4+ f6 17. Nd5 Qf7 18. Rac1 Rd8 19. Rc7 Bd7 20. Nb6 Rab8 21. Qxd6 1-0


[Site "https://www.chess.com"]

[Event "Titled Tuesday Blitz June 28 Late 2022"]
[White "Yuan, Qingyu"]
[Black "Sadhwani, Raunak"]
[WhiteFideId "8609772"]
[BlackFideId "35093487"]
[WhiteElo "2359"]
[BlackElo "2616"]
[Result "0-1"]
[Round "03"]
[TimeControl "180+1"]
[Date "2022.06.28"]
[WhiteClock "0:00:01"]
[BlackClock "0:00:05"]

1. e4 d6 2. d4 g6 3. Nf3 Bg7 4. Bc4 Nf6 5. Qe2 Nc6 6. h3 e5 7. dxe5 Nxe5 8. Nxe5 dxe5 9. O-O O-O 10. Bg5 h6 11. Bh4 c6 12. c3 Qc7 13. Bxf6 Bxf6 14. Nd2 b5 15. Bb3 Bb7 16. a4 a6 17. c4 bxa4 18. Bxa4 Rfd8 19. Nb1 a5 20. Nc3 Rd4 21. Bc2 Rad8 22. Rfd1 Ba6 23. b3 Bg5 24. Rd3 Rxd3 25. Bxd3 Qb6 26. Qc2 Bc8 27. Rd1 Be6 28. Na4 Qb4 29. Be2 Rd4 30. Bg4 f5 31. exf5 gxf5 32. Bf3 Rxd1+ 33. Qxd1 e4 34. Be2 Bf7 35. g3 e3 36. f4 Bf6 37. Kg2 c5 38. Qd3 Bd4 39. g4 fxg4 40. hxg4 Qd2 41. Qxd2 exd2 42. Bd1 Be3 43. Kf3 Bd4 44. Ke2 h5 45. gxh5 Bxh5+ 46. Kxd2 Bg6 47. Bc2 Bf7 48. Be4 Kg7 49. Nc3 Kf6 50. Nb5 Ba1 51. Kd3 Bh5 52. Kc2 Bg4 53. Nc7 Be6 54. Bd3 Bd4 55. Be4 Be3 56. f5 Bf7 57. Kd3 Bd4 58. Bd5 Bh5 59. Be6 Bd1 60. Nd5+ Ke5 61. Ne3 Bxb3 62. Ng4+ Kd6 63. Bd5 a4 64. Ne3 Bxe3 65. Kc3 Bd4+ 66. Kd2 a3 0-1


[Site "https://www.chess.com"]

[Event "Titled Tuesday Blitz June 28 Late 2022"]
[White "Acosta, Pablo Ismael"]
[Black "Barria Zuniga, Daniel"]
[WhiteFideId "124311"]
[BlackFideId "3400816"]
[WhiteElo "2313"]
[BlackElo "2414"]
[Result "1-0"]
[Round "04"]
[TimeControl "180+1"]
[Date "2022.06.28"]
[WhiteClock "0:00:34"]
[BlackClock "0:00:12"]

1. d4 Nf6 2. c4 e6 3. Nf3 b6 4. g3 Bb7 5. Bg2 Be7 6. O-O O-O 7. Nc3 Ne4 8. Qc2 Nxc3 9. bxc3 f5 10. d5 Na6 11. Rd1 Nc5 12. Nd4 Qe8 13. dxe6 Bxg2 14. exd7 Qxd7 15. Kxg2 Bf6 16. Ba3 Rfe8 17. Bxc5 bxc5 18. Nb3 Qe6 19. e3 Qxc4 20. Qxf5 Qxc3 21. Rac1 Qe5 22. Rxc5 Qxf5 23. Rxf5 Re5 24. Rxe5 Bxe5 25. f4 Bd6 26. e4 a5 27. e5 Bf8 28. a4 Bb4 29. Rc1 Rd8 30. Rxc7 Rd3 31. e6 Kf8 32. Nc5 Ra3 33. Ne4 Rxa4 34. Rf7+ Ke8 35. Rxg7 Be7 36. Nc3 Bf6 37. Rg8+ 1-0


[Site "https://www.chess.com"]

[Event "Titled Tuesday Blitz June 28 Late 2022"]
[White "Adewumi, Tanitoluwa"]
[Black "Lopez Gracia, Fernando"]
[WhiteFideId "30966396"]
[BlackFideId "2207184"]
[WhiteElo "2659"]
[BlackElo "2456"]
[Result "0-1"]
[Round "04"]
[TimeControl "180+1"]
[Date "2022.06.29"]
[WhiteClock "0:00:02"]
[BlackClock "0:01:03"]

1. e4 e5 2. Nf3 Nc6 3. Bc4 Nf6 4. d3 Bc5 5. O-O h6 6. h3 O-O 7. Re1 d6 8. c3 a5 9. Bb5 Ne7 10. d4 Ba7 11. Nbd2 Ng6 12. Nf1 c6 13. Bd3 Re8 14. Ng3 Qc7 15. Nf5 d5 16. dxe5 Nxe5 17. Bf4 Nxf3+ 18. Qxf3 dxe4 19. Qg3 Nh5 20. Bxc7 Nxg3 21. Bxg3 Bxf5 22. Bc2 Rad8 23. Rad1 Bg6 24. Kf1 Rxd1 25. Rxd1 e3 26. Bd3 Rd8 27. Be2 Rxd1+ 28. Bxd1 exf2 29. Bxf2 Bxf2 30. Kxf2 Kf8 31. Ke3 Ke7 32. b4 b6 33. Kd4 Kd6 34. a3 Bf5 35. Bf3 Be6 36. c4 c5+ 37. Kc3 axb4+ 38. axb4 f5 39. g3 g5 40. h4 Ke5 41. hxg5 hxg5 42. Bg2 Bd7 43. Bf3 Ba4 44. bxc5 bxc5 45. Bd5 Bd7 46. Bf3 Be6 47. Bg2 f4 48. gxf4+ Kxf4 0-1


[Site "https://www.chess.com"]

[Event "Titled Tuesday Blitz June 28 Late 2022"]
[White "Adla, Diego"]
[Black "Bortnyk, Mykola"]
[WhiteFideId "100072"]
[BlackFideId "14120836"]
[WhiteElo "2377"]
[BlackElo "2582"]
[Result "0-1"]
[Round "04"]
[TimeControl "180+1"]
[Date "2022.06.28"]
[WhiteClock "0:00:01"]
[BlackClock "0:00:34"]

1. e4 e5 2. Nf3 d6 3. d4 exd4 4. Nxd4 Nf6 5. Nc3 Be7 6. Be2 O-O 7. O-O Nc6 8. f4 Re8 9. Bf3 Bf8 10. Nxc6 bxc6 11. e5 dxe5 12. Qxd8 Bc5+ 13. Kh1 Rxd8 14. Bxc6 Ba6 15. Bb5 Bxb5 16. Nxb5 Ne4 17. g4 Nf2+ 18. Kg2 Nxg4 19. Kg3 h5 20. h3 c6 21. hxg4 cxb5 22. gxh5 e4 23. Re1 Re8 24. Be3 Rac8 25. c3 b4 26. Rac1 Bxe3 27. Rxe3 Rc5 28. Kg4 f5+ 29. Kg5 Kh7 30. Rd1 Re7 31. Rd6 bxc3 32. bxc3 Ra5 33. h6 Rxa2 34. hxg7 Kxg7 35. Kxf5 Ra5+ 36. Kg4 Ra1 37. Rd4 Rg1+ 38. Kf5 Rg6 39. Rdxe4 Rf7+ 40. Ke5 Rgf6 41. Rg3+ Kf8 0-1


[Site "https://www.chess.com"]

[Event "Titled Tuesday Blitz June 28 Late 2022"]
[White "Ahn, Hongjin"]
[Black "Rizzo, Tobias"]
[WhiteFideId "13201492"]
[BlackFideId "30942691"]
[WhiteElo "1873"]
[BlackElo "2290"]
[Result "1-0"]
[Round "04"]
[TimeControl "180+1"]
[Date "2022.06.29"]
[WhiteClock "0:01:01"]
[BlackClock "0:00:02"]

1. Nf3 Nf6 2. g3 g6 3. Bg2 Bg7 4. O-O O-O 5. c4 c5 6. Nc3 Nc6 7. d4 cxd4 8. Nxd4 a6 9. Nb3 Rb8 10. a4 d6 11. Be3 Ne5 12. Nd2 Be6 13. b3 Qc8 14. Rc1 Bh3 15. Nd5 Nxd5 16. cxd5 Qd7 17. Bd4 Bxg2 18. Kxg2 Rfc8 19. Bxe5 Bxe5 20. Nf3 Bg7 21. Qd3 Rc7 22. Rc4 Rbc8 23. Rfc1 Bb2 24. R1c2 Bg7 25. h4 h6 26. h5 g5 27. g4 b5 28. Rxc7 Rxc7 29. Rxc7 Qxc7 30. axb5 Qd7 31. bxa6 Qxg4+ 32. Kf1 Qh3+ 33. Ke1 Qh1+ 34. Kd2 Qa1 35. Qc4 Qa5+ 36. b4 Qb6 37. b5 Qa5+ 38. Ke3 Qa3+ 39. Ke4 Qb2 40. a7 f5+ 41. Kxf5 Qf6+ 42. Kg4 Qf8 43. b6 Qc8+ 44. Qxc8+ 1-0


[Site "https://www.chess.com"]

[Event "Titled Tuesday Blitz June 28 Late 2022"]
[White "Antonova, Nadezhda"]
[Black "Kuzmin, Roman"]
[WhiteFideId "14700182"]
[BlackFideId "44134932"]
[WhiteElo "1746"]
[BlackElo "1968"]
[Result "0-1"]
[Round "04"]
[TimeControl "180+1"]
[Date "2022.06.29"]
[WhiteClock "0:01:42"]
[BlackClock "0:02:08"]

1. Nf3 Nf6 2. b3 d5 3. Bb2 e6 4. g3 Be7 5. Bg2 O-O 6. O-O b6 7. c4 Bb7 8. Ne5 c6 9. d4 Nbd7 10. Nd2 Rc8 11. Rc1 c5 12. Nxd7 Qxd7 13. e3 dxc4 14. Nxc4 Bxg2 15. Kxg2 Qb7+ 16. Qf3 Qxf3+ 17. Kxf3 cxd4 18. Bxd4 Rfd8 19. Rfd1 Kf8 20. e4 b5 21. Ne5 Rxc1 22. Rxc1 Rxd4 0-1


[Site "https://www.chess.com"]

[Event "Titled Tuesday Blitz June 28 Late 2022"]
[White "Ardila, Oscar Humberto"]
[Black "Daeschler, Florian"]
[WhiteFideId "4404742"]
[BlackFideId "20678193"]
[WhiteElo "1956"]
[BlackElo "2221"]
[Result "0-1"]
[Round "04"]
[TimeControl "180+1"]
[Date "2022.06.29"]
[WhiteClock "0:01:20"]
[BlackClock "0:02:05"]

1. d4 Nf6 2. c4 c5 3. d5 b5 4. Qc2 Na6 5. e4 Nb4 6. Qe2 bxc4 7. Qxc4 Ba6 8. Qxc5 Rc8 9. Qxb4 Rxc1+ 10. Kd2 Rxf1 11. a4 Qc7 12. f3 Qc1# 0-1


[Site "https://www.chess.com"]

[Event "Titled Tuesday Blitz June 28 Late 2022"]
[White "Arnold, Ken"]
[Black "D`Arruda, Ricardo D."]
[WhiteFideId "2056836"]
[BlackFideId "100692"]
[WhiteElo "2267"]
[BlackElo "2448"]
[Result "0-1"]
[Round "04"]
[TimeControl "180+1"]
[Date "2022.06.29"]
[WhiteClock "0:00:19"]
[BlackClock "0:01:36"]

1. d4 Nf6 2. c4 e5 3. dxe5 Ne4 4. Nf3 Nc6 5. e3 d6 6. Nbd2 Nxd2 7. Qxd2 dxe5 8. Qxd8+ Kxd8 9. Bd2 f6 10. O-O-O Be6 11. c5 Bxa2 12. Bc3+ Ke8 13. b4 a6 14. Kb2 Be6 15. Be2 Be7 16. h4 Kf7 17. h5 Na7 18. Bd3 Nb5 19. Be4 c6 20. Nh4 Nxc3 21. Kxc3 a5 22. Nf5 axb4+ 23. Kxb4 Ra2 24. Nxe7 Kxe7 25. f4 Rha8 26. Rd3 R8a4+ 27. Kc3 Rxe4 0-1


[Site "https://www.chess.com"]